Map: Eternal Empire LE

Players

HateMe

  • Race: Zerg Zerg
  • Spawn Location: 7:00

Kelazhur - Winner!

  • Race: Terran Terran
  • Spawn Location: 1:00

Event: IEM Katowice 2020

VOD

Have the link to the VOD?

Description

Time

  • Played on: Feb. 25, 2020, 12:11 p.m.
  • Length: 21:41

All games in this series

Show
View Real Time Build Order
Export as new Build Order

HateMe Zerg 

Build Orders: Hatch First 

Get SALT Encoding   

  12  0:02  Drone  
  13  0:12  Overlord  
  13  0:17  Drone  
  14  0:30  Drone x2  
  16  0:48  Hatchery  
  15  0:51  Drone  
  15  0:55  Drone  
  17  0:59  Drone  
  18  1:10  Extractor  
  17  1:14  Spawning Pool  
  17  1:17  Drone  
  17  1:20  Drone  
  18  1:28  Drone  
  19  1:38  Drone  
  20  1:49  Overlord  
  20  2:01  Zergling x2, Queen x2  
  22  2:02  Zergling x2  
  26  2:11  Drone  
  26  2:12  Drone  
  26  2:13  Metabolic Boost  
  28  2:22  Drone x2  
  30  2:37  Hatchery  
  30  2:41  Drone  
  30  2:46  Drone x2  
  32  2:53  Overlord  
  32  2:56  Drone x2  
  34  3:01  Queen  
  36  3:06  Pneumatized Carapace  
  36  3:13  Spore Crawler  
  36  3:17  Overlord  
  34  3:22  Drone x4  
  38  3:30  Overlord  
  38  3:31  Drone x2  
  40  3:38  Queen  
  40  3:40  Drone  
  43  3:45  Drone x3  
  46  3:50  Queen  
  46  3:54  Zergling x4  
  50  4:00  Baneling Nest  
  50  4:01  Queen  
  51  4:04  Zergling x2  
  52  4:11  Zergling x6  
  52  4:16  Overlord, Queen  
  57  4:29  Overlord x2  
  57  4:36  Zergling x16  
  65  4:47  Spore Crawler  
  65  4:50  Drone x6  
  70  4:53  Spore Crawler  
  70  4:55  Drone  
  70  4:56  Drone  
  70  4:59  Drone  
  71  5:04  Drone x3  
  71  5:06  Baneling x3  
  72  5:07  Baneling  
  72  5:08  Spore Crawler  
  70  5:15  Baneling x3  
  70  5:17  Drone  
  70  5:18  Drone x3  
  70  5:20  Overlord  
  74  5:24  Lair  
  64  5:38  Drone x8  
  69  5:47  Drone x5  
  74  5:56  Extractor  
  74  5:57  Drone, Extractor  
  74  5:59  Overlord, Drone  
  74  6:00  Evolution Chamber, Drone x2  
  74  6:01  Evolution Chamber  
  73  6:05  Zergling x4  
  73  6:10  Zergling x4  
  77  6:16  Zergling x2  
  72  6:35  Drone x3  
  72  6:36  Drone x4  
  75  6:43  Zerg Melee Weapons Level 1, Extractor  
  75  6:45  Extractor x2  
  75  6:46  Drone x3  
  75  6:47  Drone x2  
  77  6:49  Hatchery  
  75  7:00  Roach Warren  
  74  7:02  Queen x3  
  74  7:08  Zergling x20  
  77  7:13  Spire  
  82  7:16  Drone x3  
  82  7:22  Drone  
  84  7:26  Drone x2  
  86  7:36  Overlord x2  
  86  7:45  Glial Reconstitution  
  86  7:48  Overlord x2  
  86  7:55  Overlord x2  
  86  7:56  Roach  
  86  7:57  Roach x4  
  96  8:07  Queen  
  96  8:09  Roach x3  
  96  8:10  Drone x6  
  107  8:15  Drone x3  
  107  8:16  Drone x2  
  111  8:31  Corruptor x4  
  116  8:35  Corruptor  
  117  8:42  Corruptor  
  117  8:47  Extractor  
  118  8:48  Corruptor x2  
  118  8:51  Drone x2  
  124  8:57  Overlord  
  124  9:00  Zerg Melee Weapons Level 2  
  124  9:01  Zerg Missile Weapons Level 1  
  124  9:04  Drone x5  
  129  9:12  Centrifical Hooks  
  129  9:15  Drone x5  
  134  9:22  Overlord x3  
  134  9:24  Roach x2  
  138  9:27  Unknown  
  129  9:41  Drone x4  
  129  9:42  Drone x4  
  129  9:43  Drone x8  
  140  9:50  Corruptor x2  
  143  10:02  Corruptor x2  
  147  10:08  Hatchery  
  147  10:12  Overlord x2  
  146  10:15  Roach x4  
  146  10:16  Infestation Pit  
  146  10:19  Zergling x8  
  157  10:26  Zergling x14  
  164  10:30  Overlord x2  
  164  10:39  Zergling x18  
  173  10:42  Extractor  
  173  10:47  Extractor  
  171  10:52  Zergling x20  
  171  10:53  Ravager  
  171  10:55  Hive  
  171  10:56  Ravager x2  
  171  10:57  Ravager x6  
  189  11:06  Baneling  
  189  11:07  Baneling x15  
  189  11:16  Zerg Missile Weapons Level 2  
  189  11:20  Drone x3, Spire  
  189  11:21  Drone x3  
  187  11:34  Spore Crawler x2, Baneling x13  
  187  11:36  Zergling x2  
  187  11:37  Zergling x12  
  192  11:42  Zergling x8  
  196  11:53  Zergling x2  
  196  11:54  Zergling x6  
  187  12:02  Zergling x22  
  187  12:19  Zergling x2  
  187  12:20  Zergling x30  
  187  12:27  Zergling x22  
  190  12:30  Zergling x2  
  190  12:32  Greater Spire  
  190  12:33  Adrenal Glands, Zerg Melee Weapons Level 3  
  190  12:35  Zergling x6  
  190  12:43  Corruptor  
  190  12:44  Corruptor x3  
  191  12:55  Corruptor  
  191  12:57  Corruptor  
  195  13:01  Corruptor  
  195  13:03  Hatchery, Overseer  
  190  13:08  Overlord x2  
  190  13:10  Drone x2  
  192  13:15  Overlord x2  
  192  13:19  Corruptor x2  
  192  13:24  Baneling x10  
  196  13:37  Corruptor x2  
  200  13:41  Zerg Missile Weapons Level 3  
  200  13:43  Zerg Flyer Weapons Level 1  
  199  13:58  Baneling x11  
  199  14:06  Baneling x12  
  195  14:11  Zergling x18  
  197  14:25  Zergling x6  
  188  14:31  Zergling x24  
  188  14:32  Zergling x2  
  188  14:35  Zergling x2  
  188  14:36  Zergling x14  
  188  14:37  Baneling x6  
  187  14:45  Zergling x4  
  187  14:46  Zergling x16  
  187  14:49  Zergling x8  
  172  15:00  Zergling x22  
  170  15:09  Roach  
  170  15:10  Roach x4  
  170  15:13  Roach  
  174  15:20  Baneling x8  
  174  15:21  Baneling x2  
  168  15:23  Roach x6  
  174  15:46  Brood Lord x3  
  174  15:47  Brood Lord x3  
  175  15:58  Brood Lord x3  
  175  16:00  Zergling x6  
  181  16:07  Brood Lord x2  
  178  16:28  Hatchery, Zergling x6  
  178  16:29  Zergling x20  
  188  16:40  Zergling x2  
  188  16:41  Zergling x18  
  198  16:49  Zergling x4  
  196  16:57  Zergling x10  
  187  17:05  Corruptor  
  187  17:06  Corruptor x3  
  189  17:10  Drone x4  
  190  17:15  Brood Lord  
  190  17:17  Zerg Flyer Weapons Level 2  
  190  17:26  Zergling x12  
  190  17:27  Zergling x4  
  198  17:32  Baneling x3  
  197  17:46  Unknown  
  188  17:53  Baneling x4  
  188  17:56  Zergling x20  
  188  17:57  Zergling x6  
  199  18:00  Overseer  
  199  18:01  Zerg Ground Armor Level 1  
  193  18:08  Corruptor x6  
  184  18:15  Corruptor  
  184  18:16  Corruptor  
  184  18:17  Zergling x2  
  184  18:18  Zergling x8  
  184  18:25  Zergling x12  
  186  18:33  Corruptor x3  
  155  18:44  Baneling  
  155  18:45  Baneling x8  
  147  19:04  Roach x18  
  147  19:09  Baneling x18  
  183  19:16  Roach x3  
  191  19:19  Zergling x4  
  187  19:30  Roach x5  
  127  19:39  Zergling x10  
  127  19:45  Ravager x4  
  122  19:49  Roach x5  
  122  19:50  Queen  
  122  19:51  Queen  
  136  19:54  Ravager  
  136  19:55  Ravager x2  
  136  19:58  Zergling x2  
  136  19:59  Zergling x8  
  141  20:00  Baneling  
  141  20:01  Baneling x7  
  141  20:04  Ravager  
  141  20:05  Ravager x2  
  144  20:09  Roach x5  
  128  20:17  Queen x2  
  128  20:19  Ravager x3  
  128  20:20  Ravager  
  138  20:21  Roach x3  
  138  20:27  Roach x2  
  146  20:30  Viper  
  146  20:31  Viper x2  
  155  20:37  Viper  
  155  20:44  Zergling x16  
  155  20:48  Zergling x2  
  158  20:52  Zergling x8  
  162  20:57  Ravager x5  
  162  20:58  Zergling x2  
  162  21:03  Zergling x8  
  172  21:07  Zergling x2  
  166  21:13  Baneling x5  
  151  21:18  Zergling x2  
  151  21:19  Zergling x12  
Show
View Real Time Build Order
Export as new Build Order

Kelazhur Terran - Winner!

Build Orders: Reaper Expand, Mech 

Get SALT Encoding   

  12  0:00  SCV  
  13  0:12  SCV  
  14  0:17  Supply Depot  
  14  0:24  SCV  
  15  0:38  SCV  
  15  0:40  Barracks  
  16  0:43  Refinery  
  16  0:50  SCV  
  17  1:03  SCV  
  18  1:15  SCV  
  19  1:27  Reaper, Orbital Command  
  20  1:39  Command Center  
  20  1:48  Supply Depot  
  20  1:53  SCV  
  21  1:59  Marine  
  22  2:03  Factory  
  22  2:06  SCV  
  23  2:12  Refinery  
  23  2:18  SCV  
  23  2:20  Barracks Reactor  
  24  2:30  SCV  
  25  2:42  SCV  
  26  2:52  Orbital Command  
  26  2:54  SCV, Starport  
  27  3:02  Hellion  
  27  3:03  Hellion  
  31  3:06  SCV  
  31  3:12  Barracks Tech Lab  
  32  3:18  SCV x2  
  34  3:26  Hellion x2  
  38  3:30  SCV  
  38  3:31  Marauder  
  38  3:32  Viking  
  43  3:38  Supply Depot  
  43  3:39  Supply Depot  
  43  3:43  SCV x2  
  45  4:00  Hellion x2  
  45  4:02  Medivac  
  51  4:04  Armory  
  51  4:06  SCV x2  
  55  4:13  Supply Depot  
  53  4:20  SCV x2  
  55  4:29  Command Center  
  55  4:32  SCV x2  
  55  4:34  Hellion x2  
  61  4:43  Liberator  
  61  4:44  SCV  
  65  4:47  SCV, Fusion Core  
  66  4:56  SCV  
  66  4:59  SCV  
  65  5:04  Hellion  
  64  5:08  SCV  
  64  5:09  Hellion  
  64  5:12  SCV  
  64  5:13  Refinery x2  
  67  5:14  Supply Depot  
  67  5:20  SCV  
  68  5:24  SCV  
  69  5:33  SCV  
  70  5:36  SCV, Hellion x2  
  70  5:37  Starport Tech Lab  
  67  5:45  SCV  
  67  5:48  SCV  
  67  5:49  Battlecruiser, Supply Depot  
  75  5:52  Orbital Command  
  75  5:54  Terran Vehicle Weapons Level 1  
  74  5:57  SCV  
  74  6:00  SCV  
  76  6:09  SCV  
  76  6:10  Hellion x2  
  81  6:12  SCV  
  83  6:21  SCV  
  82  6:26  Factory x2  
  82  6:29  SCV  
  75  6:33  SCV, Orbital Command  
  75  6:37  Refinery  
  75  6:39  Hellion x2  
  72  6:40  Refinery  
  72  6:41  SCV  
  72  6:45  SCV  
  71  6:50  Armory  
  71  6:51  Engineering Bay  
  71  6:53  SCV, Battlecruiser  
  78  6:57  SCV  
  78  6:58  SCV  
  80  7:03  Hellion  
  80  7:05  SCV  
  83  7:09  SCV  
  83  7:10  SCV  
  83  7:12  Hellion, Factory Tech Lab x2  
  87  7:17  SCV  
  87  7:21  SCV  
  89  7:26  SCV, Hellion  
  92  7:31  SCV  
  92  7:33  Command Center, Weapon Refit  
  92  7:36  SCV  
  94  7:38  SCV  
  94  7:39  Supply Depot  
  94  7:41  Siege Tank x2  
  101  7:51  Terran Vehicle Weapons Level 2, Terran Vehicle And Ship Armor Level 1  
  101  7:52  Supply Depot  
  101  7:54  Supply Depot  
  101  8:01  SCV x3, Hellion x2  
  108  8:06  Supply Depot  
  108  8:13  SCV x3, Battlecruiser  
  108  8:17  Supply Depot x2  
  108  8:18  Supply Depot, Siege Tank  
  120  8:21  Siege Tank  
  120  8:24  Hellion  
  125  8:33  Supply Depot  
  125  8:37  Hellion  
  127  8:47  Factory x2  
  128  8:48  SCV x3  
  128  8:54  Hellion, Siege Tank  
  135  8:55  Unknown  
  135  8:57  Cyclone  
  135  9:00  SCV  
  139  9:03  SCV x2  
  139  9:05  Hellion, Infernal Pre-Igniter  
  139  9:06  Mag-Field Accelerator  
  143  9:12  SCV  
  143  9:16  Planetary Fortress  
  144  9:26  Hellion, Cyclone  
  144  9:27  Hellion  
  144  9:29  Cyclone  
  152  9:38  Factory Reactor, Factory Tech Lab  
  146  9:42  SCV x3  
  141  9:47  Orbital Command  
  137  9:55  Missile Turret  
  137  9:56  Missile Turret  
  137  9:57  Terran Vehicle And Ship Armor Level 2  
  137  9:59  Missile Turret  
  137  10:02  Missile Turret  
  137  10:04  Missile Turret  
  137  10:05  Missile Turret  
  137  10:09  Cyclone x3  
  137  10:10  SCV, Hellion x2  
  151  10:17  Terran Vehicle Weapons Level 3  
  151  10:23  Hellion x2  
  155  10:41  Cyclone x3  
  162  10:43  Hellion x2  
  162  10:48  Factory  
  166  10:50  Factory x2  
  170  10:57  Hellion x2  
  169  11:12  Hellion x2  
  169  11:14  Cyclone  
  169  11:15  Cyclone  
  179  11:30  Command Center  
  179  11:31  Supply Depot  
  179  11:33  Supply Depot, Command Center  
  179  11:34  Command Center  
  179  11:38  Command Center  
  179  11:39  Factory Tech Lab  
  179  11:40  Factory Reactor, Factory Tech Lab  
  182  11:54  Siege Tank x3  
  182  11:55  Hellion x3  
  187  12:05  Supply Depot  
  184  12:16  Siege Tank x2  
  184  12:17  Hellion x4  
  184  12:19  Hellion  
  185  12:26  Siege Tank  
  185  12:28  Refinery  
  185  12:29  Missile Turret, Siege Tank x2  
  179  12:30  Hellion  
  179  12:33  Missile Turret  
  179  12:34  Refinery  
  179  12:35  Missile Turret  
  176  12:38  Hellion x2  
  176  12:41  Terran Vehicle And Ship Armor Level 3  
  157  12:45  Orbital Command  
  157  12:48  Siege Tank  
  160  12:53  Orbital Command x2  
  160  13:02  Battlecruiser  
  160  13:03  Sensor Tower  
  166  13:15  Planetary Fortress  
  166  13:27  Cyclone x4  
  166  13:28  Cyclone  
  166  13:30  Hellion x4  
  189  13:34  Terran Ship Weapons Level 1  
  184  13:49  Hellion  
  184  13:50  Hellion  
  184  13:51  Drilling Claws, Smart Servos  
  188  13:56  Starport x2  
  188  13:58  Starport  
  188  14:11  Hellion x3  
  188  14:12  Hellion x3  
  192  14:33  Cyclone x3  
  192  14:34  Hellion  
  199  14:39  Orbital Command  
  195  14:50  SCV x5  
  167  15:01  Cyclone x2  
  167  15:02  Hellion  
  167  15:04  Hellion x11  
  167  15:05  Hellion  
  157  15:12  Cyclone x3  
  157  15:13  Hellion x3  
  161  15:24  Hellion  
  151  15:33  Command Center  
  151  15:35  Terran Ship Weapons Level 2  
  149  15:50  Siege Tank x3  
  149  15:51  Siege Tank x2  
  149  15:54  Hellion x5  
  165  15:57  Hellion  
  162  16:14  Command Center  
  159  16:24  Hellion  
  159  16:25  Hellion x4  
  183  16:33  Thor  
  183  16:34  Thor x2  
  183  16:35  Viking  
  180  16:42  Viking x2  
  167  16:58  SCV x4  
  164  17:06  Viking  
  164  17:07  Viking  
  158  17:11  SCV  
  158  17:13  SCV x3  
  158  17:14  SCV x2  
  163  17:23  Viking x2, SCV  
  163  17:26  Hellion x2  
  163  17:27  Hellion  
  174  17:36  Viking  
  176  17:48  Hellion x4  
  176  17:50  Viking  
  186  17:53  Viking x2  
  186  17:56  Thor  
  196  17:59  Terran Ship Weapons Level 3  
  191  18:06  Viking  
  180  18:17  Hellion x5  
  180  18:20  Viking  
  188  18:32  Thor x4  
  197  18:35  SCV x3  
  197  18:38  Planetary Fortress  
  196  18:48  Viking  
  196  18:49  Viking  
  198  18:57  Command Center  
  190  19:12  Viking x2  
  190  19:15  Hellion  
  193  19:21  Hellion x5  
  144  19:36  Cyclone x5  
  144  19:37  Hellion  
  153  19:49  Hellion x3  
  159  19:55  Hi-Sec Auto Tracking  
  157  20:11  Hellion  
  157  20:12  Hellion x4  
  161  20:17  Orbital Command  
  161  20:28  Cyclone x3  
  166  20:47  Cyclone x2  
  166  20:48  SCV x3, Hellion x3  
  166  20:49  SCV  
  173  20:50  SCV  
  162  21:13  Starport Tech Lab x3  
  162  21:15  Hellion x2  
  162  21:16  Hellion x4  

Tags
 
Add a new tag
Caveats
  • Supply blocks, unpowered buildings, or Contaminate may cause inaccurate times.
  • Supply counts are checked every 10 seconds.